[Event "Late-Titled-Tuesday-Blitz-October-03-2023"]
[Site "Chess.com"]
[Date "2023.10.03"]
[Round "10"]
[White "littlepinkyboy"]
[Black "Maestro1986"]
[Result "1-0"]
[WhiteElo "2454"]
[BlackElo "2547"]
[TimeControl "180+1"]
[EndTime "15:52:57 PDT"]
[Termination "littlepinkyboy won by checkmate"]

1. e4 c5 2. c3 g6 3. d4 cxd4 4.
cxd4 d5 5. e5 Bg7 6. Nc3 Nc6 7. f4 Nh6 8. Nf3 Bg4 9. Be3 Nf5 10.
Bf2 e6 11. Be2 O-O 12. Qd2 f6 13. O-O Bxf3 14. Bxf3 fxe5 15. fxe5 Bh6 16. Qd3 Qb6 17. Rfd1 Nfxd4 18. Kh1 Rf4 19. Ne2 Nxe5 20. Bxd4 Nxd3 21. Bxb6 Rxf3 22. gxf3 Nxb2 23. Rdb1 axb6 24. Rxb2 Bg7 25. Rab1 Bxb2 26. Rxb2 Kf7 27. Nf4 Kf6 28. Kg2 Ra3 29. Kf2 b5 30. Ke2 g5 31. Nd3 e5 32. Nc5 Kf5 33.
Nxb7 g4 34. fxg4+ Kxg4 35. Nd6 Rh3 36. Kf1 b4 37. Rxb4+ e4 38. Rb2 Ra3 39. Nb5 Ra5 40. Ke2 Kf4 41. a3 h5 42. Rb4 Ke5 43.
a4 Ra8 44. Nd4 Rg8 45. Ke3 Rg1 46. Ne2 Ra1 47. h4 Ra3+ 48. Kf2 Kf5 49. Rd4 Ke5 50. Rb4 Kf5 51. Rb5 Ke5 52. a5 Kd6 53. Nd4 Ra4 54. Nf5+ Ke5 55. Ne3 Ra2+ 56. Kg3 Ra3 57. Rxd5+ Ke6 58. Kf4 Ra4 59. Re5+ Kf6 60. Rxh5 Kg6 61.
Rf5 Kh6 62. h5 Kg7 63. Rg5+ Kf7 64. Re5 Kf6 65. Ng4+ Kf7 66. Kg5 Kg7 67. h6+ Kf8 68. Kg6 e3 69. Nxe3 Rf4 70. Rf5+ Kg8 71. Rxf4 Kh8 72.
a6 Kg8 73. a7 Kh8 74. a8=Q# 1-0

[Event "Late-Titled-Tuesday-Blitz-October-03-2023"]
[Site "Chess.com"]
[Date "2023.10.03"]
[Round "10"]
[White "traack"]
[Black "Joshukid"]
[Result "0-1"]
[WhiteElo "2435"]
[BlackElo "2561"]
[TimeControl "180+1"]
[EndTime "15:52:59 PDT"]
[Termination "Joshukid won by resignation"]

1. e4 g6 2. d4 Bg7 3. Nc3 d5 4. exd5 Nf6 5. Bb5+ Nbd7 6. Nf3 O-O 7. O-O Nb6 8. Bg5 Nbxd5 9. Nxd5 Qxd5 10. c4 Qd8 11. h3 c6 12. Ba4 Be6 13. Rc1 Ne4 14.
Be3 Nd6 15. d5 cxd5 16. cxd5 Bd7 17. Bxd7 Qxd7 18. Qd2 Rfc8 19. b3 b6 20. Bd4 Rxc1 21. Rxc1 Rc8 22. Rxc8+ Qxc8 23. Bxg7 Kxg7 24. Qd4+ f6 25.
Qd2 Qc5 26. Qe2 Kf8 27. Qe6 Qc1+ 28. Kh2 Qf4+ 29. Kg1 Ne4 30. Qc8+ Kg7 31. Qd7 Qc1+ 32. Kh2 Qf4+ 33. Kg1 Qd6 34. Qxa7 Nc3 35. Nd4 Nxd5 36. Nb5 Qc5 37. a4 Nf4 38. Qb8 Ne2+ 39. Kf1 Qc2 40. Qd8 Nc1 41. Qxe7+ Kh6 42. Qe3+ g5 43.
g4 Nxb3 44. Kg2 Nc5 45. Nd6 Qxa4 46. Nf5+ Kg6 47. Qe7 Qe4+ 48. Qxe4 Nxe4 49. Ne7+ Kf7 50. Nd5 b5 51. Kf3 Nd6 52. Ke3 Nc4+ 53. Kd4 Ne5 54. f4 Nf3+ 55. Kc5 Ng1 56. fxg5 fxg5 57.
Kxb5 Nxh3 58. Kc5 Nf2 59. Ne3 Ke6 60. Kd4 Nh3 61. Ke4 Nf2+ 62. Kf3 Nd3 63. Nf5 Ne5+ 64. Ke4 Nxg4 65. Ng7+ Kf6 66. Nh5+ Kg6 67. Ng3 Nf6+ 68. Kf3 h5 69. Ne2 g4+ 70. Kf4 Nd5+ 71. Ke5 Ne3 72. Kf4 Nd5+ 73. Ke5 Nb4 74. Kf4 Nd3+ 75. Ke3 Nc5 76. Kf4 Ne6+ 77. Ke5 Nf8 78. Kf4 Kh6 79. Kf5 Ng6 80. Ng3 Ne7+ 81. Ke6 h4 82.
Ne4 g3 83. Nd2 Ng6 84. Kf5 Kh5 85. Ke4 Kg4 86. Ke3 h3 87. Ke2 h2 88. Nf1 h1=Q 89.
Ne3+ Kf4 90. Nd5+ Qxd5 0-1

[Event "Late-Titled-Tuesday-Blitz-October-03-2023"]
[Site "Chess.com"]
[Date "2023.10.03"]
[Round "10"]
[White "ameetghasi100"]
[Black "Vaathi_Coming"]
[Result "0-1"]
[WhiteElo "2719"]
[BlackElo "2892"]
[TimeControl "180+1"]
[EndTime "15:53:00 PDT"]
[Termination "Vaathi_Coming won on time"]

1. Nf3 Nf6 2. d4 b6 3. Bg5 Bb7 4. Bxf6 exf6 5. g3 Bxf3 6. exf3 Qe7+ 7. Qe2 Nc6 8. Qxe7+ Bxe7 9. c3 a6 10. f4 d5 11. Bg2 O-O-O 12. O-O Nb8 13. Re1 Rhe8 14. Nd2 c6 15. a3 b5 16. a4 Kb7 17. axb5 axb5 18. Nb3 Bd6 19. Rxe8 Rxe8 20. Kf1 Nd7 21. Nc1 Nb6 22. Nd3 Nc4 23. Bf3 Kb6 24. Kg2 f5 25.
h4 f6 26. h5 Kb7 27. Ra2 Ra8 28. Rxa8 Kxa8 29. Kf1 Ka7 30. Ke2 Kb6 31. Kd1 g5 32. hxg6 hxg6 33. Bg2 Na5 34. Kc2 Nb7 35. Ne1 Nd8 36. Nf3 Ne6 37. Nh4 Nf8 38. Bf1 c5 39.
Nf3 c4 40. Nh4 Kc6 41. Bg2 b4 42. b3 cxb3+ 43. Kxb3 bxc3 44. Kxc3 Bc7 45. Kd3 Kd6 46. Bf3 Ba5 47. Ng2 Ne6 48. Nh4 Nf8 49. Ng2 Ne6 50. Ne3 Be1 51. Nxd5 Bxf2 52. Nxf6 Bxg3 53. Ke3 Bxf4+ 54. Kd3 g5 55. Nd5 g4 56. Bh1 Bg5 57. Nc3 Bf6 58. Ne2 Bh4 59. Ke3 Bg5+ 60. Kd3 Ng7 61. Bb7 Nh5 62. Nc3 Nf4+ 63. Kc4 g3 64.
Nb5+ Kd7 65. Bf3 g2 66. Bxg2 Nxg2 67. d5 Bf6 68. Kd3 Nf4+ 69. Kc4 Ng6 70. Kd3 Ne7 71. Kc4 Nc8 72. Kc5 Nd6 73. Na7 f4 74. Nc6 f3 75.
Nb8+ Kc8 76. Nc6 f2 77. Kxd6 f1=Q 78. Ke6 Bh4 79. d6 Qf6+ 80. Kd5 Qf3+ 81. Kc5 Bf2+ 82. Kb5 Qd5+ 0-1

[Event "Late-Titled-Tuesday-Blitz-October-03-2023"]
[Site "Chess.com"]
[Date "2023.10.03"]
[Round "10"]
[White "szachuspl"]
[Black "GaiozNigalidze"]
[Result "0-1"]
[WhiteElo "2528"]
[BlackElo "2738"]
[TimeControl "180+1"]
[EndTime "15:54:20 PDT"]
[Termination "GaiozNigalidze won by resignation"]

1. d4 Nf6 2. c4 e6 3. Nf3 d5 4. Nc3 Be7 5. Bf4 O-O 6. e3 a6 7.
Rc1 dxc4 8. Bxc4 b5 9. Be2 Bb7 10. Qb3 Nbd7 11. a4 b4 12. Nb1 c5 13. O-O Bd5 14.
Qc2 a5 15. Nbd2 Rc8 16. Qb1 cxd4 17. exd4 Qb6 18. Bb5 Bd6 19. Be3 Nb8 20. Nc4 Bxc4 21. Bxc4 Nd5 22. b3 Nc3 23. Qd3 Nd7 24. Ng5 Nf6 25.
Rfe1 h6 26. Nf3 Qb8 27. h3 Nfd5 28. Bd2 Bf4 29. Ne5 Bxe5 30. dxe5 Rfd8 31. Qg3 Kh8 32. Kh2 Qc7 33. Qh4 Kg8 34. Qh5 Qe7 35. h4 Nb6 36. Bxc3 Nxc4 37. bxc4 bxc3 38. Rxc3 Rd4 39. g3 Qb4 40.
Ree3 Rdxc4 41. Rxc4 Qxc4 42. Qd1 Qb4 43. Qd7 Rb8 44.
Rf3 Rf8 45. Rf4 Qb2 46. Qc7 Qd2 47. Kh3 g5 48. hxg5 hxg5 49. Rf6 Kg7 50. Kg4 Qd1+ 51. Kxg5 Qd2+ 52. Kg4 Qd4+ 53. Rf4 Qd1+ 54. f3 Qd3 55. Qe7 Qg6+ 56. Qg5 Qxg5+ 57. Kxg5 Rb8 58. Re4 Rb3 59. Kf4 Kg6 60. Rd4 Ra3 61. Ke4 Kg5 62. Rc4 Kg6 63. Kf4 Ra2 64. Kg4 Ra3 65. f4 Ra2 66. Rc8 Rxa4 67.
Rg8+ Kh7 68. Ra8 Kg7 69. Kg5 Ra1 70. g4 a4 71. f5 exf5 72. Kxf5 a3 73. Ra7 a2 74. Kg5 Kf8 75. Ra8+ Ke7 76. Ra6 Kd7 77. Rd6+ Kc7 78. Ra6 Kb7 79. Ra3 Kc6 80. Ra5 Kb6 81.
Ra8 Kc5 82. Ra6 Kd5 83. Ra5+ Ke4 84. e6 fxe6 85. Kg6 Kd4 86. g5 e5 87. Ra4+ Kc3 88.
Ra8 e4 89. Rc8+ Kd3 90. Rd8+ Ke2 91. Ra8 e3 92. Kg7 Kf2 93. g6 e2 94. Rf8+ Kg1 95.
Kg8 e1=Q 96. g7 Qe6+ 97. Kh7 Qh3+ 98. Kg6 Qg4+ 99. Kh7 Qh5+ 100. Kg8 Rf1 101. Rf2 Qd5+ 102. Kh8 Rxf2 103. g8=Q+ Qxg8+ 104. Kxg8 a1=Q 0-1

[Event "Late-Titled-Tuesday-Blitz-October-03-2023"]
[Site "Chess.com"]
[Date "2023.10.03"]
[Round "11"]
[White "Road2GM3000"]
[Black "Dacean99"]
[Result "0-1"]
[WhiteElo "2390"]
[BlackElo "2546"]
[TimeControl "180+1"]
[EndTime "15:56:25 PDT"]
[Termination "Dacean99 won by resignation"]

1. d4 Nf6 2. c4 e6 3. Nc3 d5 4.
cxd5 exd5 5. Bg5 Be7 6. e3 O-O 7. Bd3 Nbd7 8. Qc2 h6 9. Bh4 c5 10. Nf3 c4 11. Bf5 Rb8 12. O-O b5 13. Bg3 Rb6 14.
Ne5 b4 15. Na4 Ra6 16. Nxd7 Bxd7 17. Nc5 Bxc5 18. dxc5 Bxf5 19. Qxf5 Qc8 20. Bd6 Qxf5 0-1

[Event "Late-Titled-Tuesday-Blitz-October-03-2023"]
[Site "Chess.com"]
[Date "2023.10.03"]
[Round "11"]
[White "Fandorine"]
[Black "FairChess_on_YouTube"]
[Result "0-1"]
[WhiteElo "2928"]
[BlackElo "3048"]
[TimeControl "180+1"]
[EndTime "15:57:09 PDT"]
[Termination "FairChess_on_YouTube won by resignation"]

1. b3 e5 2. Bb2 e4 3. e3 d5 4.
c4 Nf6 5. Bxf6 Qxf6 6. Nc3 dxc4 7. Bxc4 Qg6 8. Nge2 Qxg2 9. Rg1 Qxh2 10. Qc2 Qe5 11.
O-O-O Nc6 12. Bb5 Bd7 13. Qxe4 Ba3+ 0-1

[Event "Late-Titled-Tuesday-Blitz-October-03-2023"]
[Site "Chess.com"]
[Date "2023.10.03"]
[Round "11"]
[White "Msb2"]
[Black "Oleksandr_Bortnyk"]
[Result "1/2-1/2"]
[WhiteElo "3081"]
[BlackElo "3044"]
[TimeControl "180+1"]
[EndTime "15:57:34 PDT"]
[Termination "Game drawn by agreement"]

1. d4 d6 2. Nf3 Nf6 3. c4 g6 4. Nc3 Bg7 5. e4 O-O 6. Be2 Na6 7. O-O e5 8. Be3 Qe7 9. dxe5 dxe5 10. Nd5 Qe6 11.
c5 c6 12. Nxf6+ Bxf6 13. Qc2 Nc7 14. Rfd1 Qe7 15. h3 Be6 16. Bc4 Rfd8 17. a3 Rxd1+ 18. Rxd1 Rd8 19. Rxd8+ Qxd8 20. Bxe6 Nxe6 21. Qd2 1/2-1/2

[Event "Late-Titled-Tuesday-Blitz-October-03-2023"]
[Site "Chess.com"]
[Date "2023.10.03"]
[Round "11"]
[White "JohnWhite1952"]
[Black "lluiss"]
[Result "0-1"]
[WhiteElo "2045"]
[BlackElo "2142"]
[TimeControl "180+1"]
[EndTime "15:58:01 PDT"]
[Termination "lluiss won by resignation"]

1. e4 c5 2. Nf3 d6 3. c3 Nf6 4. Be2 Nbd7 5. Qc2 Qc7 6. d4 cxd4 7. Nxd4 a6 8. O-O g6 9. Re1 Bg7 10. Nd2 O-O 11. N2f3 b5 12. Qd3 Bb7 13. Bf1 Rfd8 14. Bf4 e5 15. Be3 exd4 16. Bxd4 Ne5 17. Qd2 Nxe4 18.
Qc2 Nxf3+ 19. gxf3 Ng5 20. Bxg7 Nxf3+ 21. Kh1 Nxe1+ 0-1

[Event "Late-Titled-Tuesday-Blitz-October-03-2023"]
[Site "Chess.com"]
[Date "2023.10.03"]
[Round "11"]
[White "louis198"]
[Black "Sjakkerntobi"]
[Result "1-0"]
[WhiteElo "2636"]
[BlackElo "2511"]
[TimeControl "180+1"]
[EndTime "15:58:15 PDT"]
[Termination "louis198 won by resignation"]

1. d4 d5 2. c4 e6 3. Nc3 c6 4.
e3 f5 5. Nf3 Nf6 6. Bd3 Bd6 7.
O-O O-O 8. b3 Ne4 9. Bb2 Nd7 10. Ne2 Ndf6 11. Rc1 g5 12. Ne5 Qe8 13. f3 Nc5 14. dxc5 Bxc5 15. Bd4 Bd6 16. f4 c5 17. Bb2 gxf4 18. exf4 d4 19. Ng3 b6 20. Be2 Bb7 21. Bf3 Ne4 22. Re1 Bxe5 23. fxe5 Qg6 24. Rc2 Rad8 25. Rce2 d3 26. Rxe4 fxe4 27.
Bxe4 Bxe4 28. Rxe4 d2 29. Rg4 Qxg4 30. Qxg4+ Kh8 31.
Qd1 Rf4 32. Bc3 b5 33. Bxd2 Rfd4 34. Nf1 bxc4 35. bxc4 1-0

[Event "Late-Titled-Tuesday-Blitz-October-03-2023"]
[Site "Chess.com"]
[Date "2023.10.03"]
[Round "11"]
[White "Joshukid"]
[Black "szachmistrz2500"]
[Result "1-0"]
[WhiteElo "2567"]
[BlackElo "2447"]
[TimeControl "180+1"]
[EndTime "15:58:15 PDT"]
[Termination "Joshukid won by resignation"]

1. c4 c5 2. Nf3 g6 3. g3 Bg7 4. Bg2 Nc6 5. O-O e5 6. Nc3 Nge7 7. Ne1 a6 8. Nc2 Rb8 9. a4 O-O 10. Ne3 d6 11. Ned5 Nxd5 12. Nxd5 Ne7 13. d3 Be6 14. Bg5 f6 15. Nxe7+ Qxe7 16. Bd2 f5 17. b4 b6 18. a5 bxa5 19. bxc5 dxc5 20. Rxa5 Rb6 21. Qa4 Rb2 22. Be3 Rc8 23. Rxa6 Bd7 24. Qa3 Rxe2 25. Bd5+ Kh8 26. Ra8 Rxa8 27. Qxa8+ Bf8 28.
Bh6 Be8 29. Bg5 Qd6 30. Qxe8 1-0

[Event "Late-Titled-Tuesday-Blitz-October-03-2023"]
[Site "Chess.com"]
[Date "2023.10.03"]
[Round "11"]
[White "Nekoo04"]
[Black "leoduarte"]
[Result "1-0"]
[WhiteElo "2297"]
[BlackElo "2411"]
[TimeControl "180+1"]
[EndTime "15:58:25 PDT"]
[Termination "Nekoo04 won by resignation"]

1. d4 d5 2. c4 e6 3. Nf3 Nf6 4. g3 dxc4 5. Bg2 c6 6. Ne5 Bb4+ 7. Bd2 Qxd4 8. Bxb4 Qxe5 9. Na3 c5 10. Nxc4 Qc7 11.
Nd6+ Ke7 12. Rc1 Na6 13. Nxc8+ Raxc8 14. Bc3 Rhd8 15. Qa4 Kf8 16. Qh4 Qe7 17. Bxf6 Qxf6 18. Qxf6 gxf6 19. Bxb7 1-0

[Event "Late-Titled-Tuesday-Blitz-October-03-2023"]
[Site "Chess.com"]
[Date "2023.10.03"]
[Round "11"]
[White "Eloist"]
[Black "GlavkonVVS"]
[Result "1-0"]
[WhiteElo "2434"]
[BlackElo "2556"]
[TimeControl "180+1"]
[EndTime "15:58:39 PDT"]
[Termination "Eloist won by resignation"]

1. e4 c5 2. Nf3 d6 3. Bb5+ Nd7 4. O-O a6 5. Bd3 g6 6. Re1 Bg7 7. c3 e5 8. Bf1 Ngf6 9. d4 O-O 10. dxe5 dxe5 11. c4 Ne8 12. Nc3 Nc7 13. Bg5 f6 14. Be3 Ne6 15. Qd6 Nd4 16. Bxd4 cxd4 17. Nd5 Rf7 18.
c5 Bf8 19. Qc7 Qe8 20. Bc4 Nxc5 21. Nxf6+ Kh8 22. Nxe8 Rxc7 23. Nxc7 Rb8 24. Nxe5 Kg7 25. Ne8+ Kh6 26. Nf7+ Kh5 27. Nf6+ Kh4 28. g3+ 1-0

[Event "Late-Titled-Tuesday-Blitz-October-03-2023"]
[Site "Chess.com"]
[Date "2023.10.03"]
[Round "11"]
[White "emeli_chess"]
[Black "Horokoskii"]
[Result "1-0"]
[WhiteElo "2361"]
[BlackElo "2121"]
[TimeControl "180+1"]
[EndTime "15:58:44 PDT"]
[Termination "emeli_chess won by resignation"]

1. d4 Nf6 2. c4 c5 3. d5 e6 4. Nc3 exd5 5. cxd5 d6 6. Nf3 g6 7. h3 a6 8. a4 Bg7 9. e4 O-O 10. Bd3 Re8 11. O-O Qe7 12. Re1 b6 13. e5 dxe5 14. Rxe5 Qd8 15. Rxe8+ Qxe8 16. Bg5 Bb7 17. Qb3 Nbd7 18. Re1 Qf8 19. Bc4 Re8 20. Rxe8 Qxe8 21. a5 b5 22. Nxb5 axb5 23. Bxb5 Bxd5 24. Qa4 Qe4 25. Bxd7 Nxd7 26. Qxd7 Qb1+ 27. Kh2 Bxf3 28. Qd8+ Bf8 29. Bh6 1-0

[Event "Late-Titled-Tuesday-Blitz-October-03-2023"]
[Site "Chess.com"]
[Date "2023.10.03"]
[Round "11"]
[White "Nick12772"]
[Black "Valeron87"]
[Result "0-1"]
[WhiteElo "2366"]
[BlackElo "2480"]
[TimeControl "180+1"]
[EndTime "15:59:26 PDT"]
[Termination "Valeron87 won by resignation"]

1. Nf3 d5 2. g3 c5 3. Bg2 Nf6 4.
O-O e6 5. d4 cxd4 6. Nxd4 e5 7.
Nb3 Nc6 8. c4 d4 9. e3 Bg4 10.
f3 Be6 11. exd4 exd4 12. N1d2 Be7 13. Kh1 O-O 14. f4 Qd7 15. Re1 Bg4 16. Nf3 d3 17.
Be3 Nb4 18. Ne5 Bxd1 19. Nxd7 Bxb3 20. Nxf6+ Bxf6 21. axb3 Nc2 22. Bxb7 Rae8 23. Bd2 Nxe1 24. Rxe1 Rxe1+ 25. Bxe1 Re8 0-1

[Event "Late-Titled-Tuesday-Blitz-October-03-2023"]
[Site "Chess.com"]
[Date "2023.10.03"]
[Round "11"]
[White "Mesa_1"]
[Black "carlospaul1990"]
[Result "1-0"]
[WhiteElo "2593"]
[BlackElo "2363"]
[TimeControl "180+1"]
[EndTime "15:59:36 PDT"]
[Termination "Mesa_1 won by resignation"]

1. e4 c5 2. Nf3 d6 3. d4 cxd4 4. Nxd4 Nf6 5. Nc3 a6 6. Bg5 e6 7. f4 Be7 8. Qf3 Qc7 9. O-O-O Nbd7 10. g4 h6 11. Bxf6 Nxf6 12. h4 Nd7 13. g5 Nb6 14. Bh3 Bd7 15. g6 O-O 16. gxf7+ Rxf7 17. Nxe6 Qc8 18. Nd5 Nc4 19. Nd4 Bxh3 20. Qxh3 Qc5 21. Ne6 Qa5 22. Qb3 b5 23. Rhg1 Bxh4 24. Rg4 Bf6 25.
Nxf6+ Rxf6 26. Nxg7 Kh7 27. Nh5 Rg6 28. Rxg6 Kxg6 29. Qg3+ Kf7 30. Qg7+ 1-0

[Event "Late-Titled-Tuesday-Blitz-October-03-2023"]
[Site "Chess.com"]
[Date "2023.10.03"]
[Round "11"]
[White "Sanyura"]
[Black "szachuspl"]
[Result "1-0"]
[WhiteElo "2650"]
[BlackElo "2523"]
[TimeControl "180+1"]
[EndTime "15:59:37 PDT"]
[Termination "Sanyura won by checkmate"]

1. e4 g6 2. d4 Bg7 3. Nf3 d6 4. Bc4 c6 5. O-O b5 6. Bb3 h6 7. a4 b4 8. e5 d5 9. Bd2 a5 10. c3 Qb6 11. cxb4 axb4 12. h3 Bf5 13. Re1 e6 14. Re3 Ne7 15. Qe1 Na6 16. a5 Qb7 17. g4 Be4 18. Bd1 g5 19. Rb3 Rb8 20. Nc3 Bd3 21.
Nxd5 Bc4 22. Nf6+ Bxf6 23. exf6 Nd5 24. Ne5 Bxb3 25. Bxb3 c5 26. Ba4+ Kf8 27. Bc6 Qc7 28. Nd7+ Kg8 29. Nxb8 Nxb8 30. Bxd5 exd5 31. a6 Nc6 32. a7 Nxa7 33. Qe7 Nb5 34. Ra8+ Kh7 35. Rxh8+ Kxh8 36. Qf8+ Kh7 37. Qg7# 1-0

[Event "Late-Titled-Tuesday-Blitz-October-03-2023"]
[Site "Chess.com"]
[Date "2023.10.03"]
[Round "11"]
[White "Marasmus01"]
[Black "OYAcosta"]
[Result "1-0"]
[WhiteElo "2501"]
[BlackElo "2184"]
[TimeControl "180+1"]
[EndTime "15:59:37 PDT"]
[Termination "Marasmus01 won by checkmate"]

1. c4 c6 2. Nf3 d5 3. e3 Nf6 4.
Nc3 Bf5 5. Qb3 Qb6 6. d4 Nbd7 7.
Be2 e6 8. c5 Qc7 9. O-O Be7 10.
Qa4 Ne4 11. Bd2 Bg4 12. Rfd1 h5 13. Be1 f5 14. b4 h4 15. b5 f4 16. bxc6 bxc6 17.
h3 fxe3 18. hxg4 exf2+ 19. Bxf2 Nxc3 20. Qc2 Nxd1 21. Rxd1 Bf6 22. Qg6+ Kd8 23. g5 Nf8 24. Qc2 Be7 25. Ne5 Bxg5 26. Bg4 Bf6 27. Re1 Ke7 28.
Ng6+ Nxg6 29. Qxg6 Rh6 30. Rxe6+ Kd8 31. Qe8# 1-0

[Event "Late-Titled-Tuesday-Blitz-October-03-2023"]
[Site "Chess.com"]
[Date "2023.10.03"]
[Round "11"]
[White "Arystanner"]
[Black "Krakozia"]
[Result "1-0"]
[WhiteElo "2848"]
[BlackElo "2968"]
[TimeControl "180+1"]
[EndTime "15:59:58 PDT"]
[Termination "Arystanner won by resignation"]

1. e4 c5 2. Nf3 e6 3. d4 cxd4 4. Nxd4 a6 5. g3 d5 6. Nb3 dxe4 7. Qxd8+ Kxd8 8. Nc3 f5 9. Bf4 Bd7 10. O-O-O Nc6 11.
Bg2 Nf6 12. f3 e5 13. Bg5 exf3 14. Bxf3 e4 15. Be2 Be7 16. Rhf1 Ke8 17. Bxf6 Bxf6 18.
Nd5 Bd8 19. Nc5 Bc8 20. g4 b6 21. Na4 Rb8 22. gxf5 Kf7 23. Bh5+ g6 24. fxg6+ Kg7 25. Rf7+ Kh6 26. g7 Rg8 27. Nf4 Bg5 28. Rd6+ 1-0

[Event "Late-Titled-Tuesday-Blitz-October-03-2023"]
[Site "Chess.com"]
[Date "2023.10.03"]
[Round "11"]
[White "Schwindle"]
[Black "bazar-wokzal"]
[Result "0-1"]
[WhiteElo "2412"]
[BlackElo "2561"]
[TimeControl "180+1"]
[EndTime "16:00:02 PDT"]
[Termination "bazar-wokzal won by resignation"]

1. Nf3 g5 2. Nxg5 e5 3. d3 d5 4. e4 Be7 5. Qh5 Bxg5 6. Bxg5 Qd6 7. exd5 Qb4+ 8. Bd2 Qxb2 9. Bc3 Qc1+ 10. Qd1 Qxd1+ 11. Kxd1 f6 12. Bb2 Ne7 13. c4 c6 14. d6 Nf5 15.
c5 b6 16. Nd2 bxc5 17. Ne4 Kf7 18. Be2 Rd8 19. Bh5+ Kg7 20. f4 Nxd6 21. Nxd6 Rxd6 22.
fxe5 Rxd3+ 23. Ke2 Ba6 24. exf6+ Kh6 25. Bf3 Rb3+ 26.
Kf2 Rxb2+ 27. Kg3 Nd7 28. Bxc6 Rg8+ 29. Kh3 Nxf6 0-1

[Event "Late-Titled-Tuesday-Blitz-October-03-2023"]
[Site "Chess.com"]
[Date "2023.10.03"]
[Round "11"]
[White "talaicito"]
[Black "Onthequiet"]
[Result "0-1"]
[WhiteElo "2179"]
[BlackElo "2391"]
[TimeControl "180+1"]
[EndTime "16:00:02 PDT"]
[Termination "Onthequiet won by checkmate"]

1. d4 b6 2. Nc3 Bb7 3. e4 g6 4.
f4 Bg7 5. Nf3 d6 6. Bd3 Nf6 7.
O-O O-O 8. Kh1 c5 9. e5 Nh5 10. d5 Bh6 11. g3 e6 12. Be4 dxe5 13. Nxe5 exd5 14. Nxd5 Nc6 15. g4 Nxe5 16. fxe5 Bxc1 17. Rxc1 Bxd5 18. Bxd5 Ng7 19. Bxa8 Qxa8+ 20. Qf3 Qb8 21. Qf6 Ne6 22. Rcd1 Qb7+ 23. Qf3 Qa6 24. Rd7 Ng5 25. Qf6 Qe2 26. Rxa7 Qe4+ 27. Kg1 Nh3# 0-1

[Event "Late-Titled-Tuesday-Blitz-October-03-2023"]
[Site "Chess.com"]
[Date "2023.10.03"]
[Round "11"]
[White "artin10862"]
[Black "RichardLeyvaP"]
[Result "1-0"]
[WhiteElo "2816"]
[BlackElo "2618"]
[TimeControl "180+1"]
[EndTime "16:00:03 PDT"]
[Termination "artin10862 won by resignation"]

1. g3 g6 2. d4 Bg7 3. Nf3 Nf6 4. Bg2 O-O 5. O-O d6 6. Re1 d5 7. c3 Ne4 8. Nfd2 Nxd2 9. Nxd2 c6 10. e4 dxe4 11.
Nxe4 Nd7 12. Bf4 Nf6 13. Nc5 Nd5 14. Be5 f6 15. Bf4 Nxf4 16. gxf4 Qd6 17. Qb3+ Kh8 18. Ne6 Bxe6 19. Rxe6 Qxf4 20. Rxe7 b6 21. Bxc6 Qg5+ 22. Kh1 Rac8 23. Bg2 Qf4 24. Kg1 Rc7 25. Rae1 h5 26. Qc2 Kh7 27. Rxc7 Qxc7 28. Qe2 Rf7 29. Bd5 Rd7 30. Be4 f5 31. Bxf5 gxf5 32. Qxh5+ Bh6 33.
Re6 Rg7+ 34. Kh1 1-0

[Event "Late-Titled-Tuesday-Blitz-October-03-2023"]
[Site "Chess.com"]
[Date "2023.10.03"]
[Round "11"]
[White "familijatop71"]
[Black "shirovin"]
[Result "1-0"]
[WhiteElo "2155"]
[BlackElo "2060"]
[TimeControl "180+1"]
[EndTime "16:00:03 PDT"]
[Termination "familijatop71 won by checkmate"]

1. e4 c5 2. Nf3 e6 3. d4 cxd4 4. Nxd4 Nc6 5. Be3 a6 6. Nc3 Qc7 7. Qd2 Nf6 8. f3 Be7 9. Be2 d6 10. O-O-O b5 11. g4 O-O 12. h4 Bb7 13. h5 Nd7 14. g5 Nde5 15. g6 fxg6 16. hxg6 Nxg6 17. Nxe6 Qa5 18. Kb1 Rfc8 19. f4 Bf6 20. Nd5 Qxd2 21.
Nxf6+ gxf6 22. Rxd2 Na5 23. f5 Ne5 24. Rxd6 Nac4 25.
Rg1+ Kh8 26. Bxc4 Nxc4 27. Rd7 Bxe4 28. Bh6 Bxc2+ 29. Ka1 Ne5 30. Bg7+ Kg8 31. Bxf6+ Ng6 32. Rg7+ Kh8 33. R7xg6# 1-0

[Event "Late-Titled-Tuesday-Blitz-October-03-2023"]
[Site "Chess.com"]
[Date "2023.10.03"]
[Round "11"]
[White "Mikedannnn"]
[Black "ArtemDyachuk"]
[Result "1-0"]
[WhiteElo "2588"]
[BlackElo "2690"]
[TimeControl "180+1"]
[EndTime "16:00:05 PDT"]
[Termination "Mikedannnn won by resignation"]

1. e4 c5 2. Nf3 d6 3. d4 cxd4 4. Nxd4 Nf6 5. Nc3 Nc6 6. Bc4 e6 7. Be3 a6 8. Qe2 Na5 9. Bd3 Bd7 10. f4 b5 11. a3 Qc7 12. O-O Be7 13. Kh1 O-O 14. Bg1 g6 15. e5 dxe5 16. fxe5 Nh5 17. Rae1 Ng7 18. Nf3 b4 19. axb4 Bxb4 20. Ne4 Bxe1 21.
Nf6+ Kh8 22. Qe3 Nf5 23. Bxf5 Kg7 24. Nh5+ Kh8 25. Qh6 Rg8 26. Ng5 1-0

[Event "Late-Titled-Tuesday-Blitz-October-03-2023"]
[Site "Chess.com"]
[Date "2023.10.03"]
[Round "11"]
[White "Gyulamiryan-koryun"]
[Black "CraiggoryC"]
[Result "1-0"]
[WhiteElo "2017"]
[BlackElo "2256"]
[TimeControl "180+1"]
[EndTime "16:00:06 PDT"]
[Termination "Gyulamiryan-koryun won by resignation"]

1. e4 e6 2. d4 d5 3. Nd2 Be7 4.
f4 dxe4 5. Nxe4 Nf6 6. Bd3 Nxe4 7. Bxe4 c5 8. Nf3 Nc6 9. Bxc6+ bxc6 10. c3 O-O 11.
O-O cxd4 12. Nxd4 c5 13. Nc6 Qe8 14. Nxe7+ Qxe7 15. Be3 Rb8 16. Qh5 f5 17. b3 a5 18.
Rfd1 a4 19. Qf3 Bb7 20. Qe2 Be4 21. Qc4 Rfc8 22. bxa4 Rb2 23. Rd2 Qb7 24. Qxe6+ Kh8 25. Rxb2 1-0

[Event "Late-Titled-Tuesday-Blitz-October-03-2023"]
[Site "Chess.com"]
[Date "2023.10.03"]
[Round "11"]
[White "BardArtem"]
[Black "Njal28"]
[Result "0-1"]
[WhiteElo "2813"]
[BlackElo "3081"]
[TimeControl "180+1"]
[EndTime "16:00:09 PDT"]
[Termination "Njal28 won by resignation"]

1. e4 c5 2. c3 e5 3. Nf3 Nc6 4. Bc4 Nf6 5. Ng5 d5 6. exd5 Nxd5 7. Qh5 g6 8. Qf3 Qxg5 9. Bxd5 Nd8 10. O-O Qe7 11.
d4 cxd4 12. cxd4 exd4 13. Nd2 Bg7 14. Ne4 O-O 15. Bg5 Qe5 16. Bxd8 Rxd8 17. Qxf7+ Kh8 18. Bxb7 Bxb7 19. Qxb7 Rab8 20. Qxa7 Qxe4 21. Rfe1 Qb7 22. Qxb7 Rxb7 23. b3 d3 24. Rad1 d2 25. Re2 Rc7 0-1

[Event "Late-Titled-Tuesday-Blitz-October-03-2023"]
[Site "Chess.com"]
[Date "2023.10.03"]
[Round "11"]
[White "valemava"]
[Black "traack"]
[Result "0-1"]
[WhiteElo "2314"]
[BlackElo "2440"]
[TimeControl "180+1"]
[EndTime "16:00:12 PDT"]
[Termination "traack won by resignation"]

1. e4 c5 2. a3 Nc6 3. b4 b6 4. b5 Ne5 5. Bb2 d6 6. f4 Ng6 7. g3 Bb7 8. d3 e6 9. h4 h5 10. Be2 Nf6 11. Bf3 Be7 12. Nd2 Qd7 13. Nh3 Qxb5 14. Rb1 Qa5 15. O-O d5 16. Ng5 O-O 17. Nb3 Qa4 18. Bxh5 dxe4 19. Bxg6 fxg6 20. Nxe6 exd3 21. Nxf8 Qe4 22. Qd2 c4 23. Nd4 Bc5 24. c3 Ng4 25. Qh2 Nxh2 26. Kxh2 Bxd4 27. Rf2 Bxf2 28.
Kh3 Qf3 0-1

[Event "Late-Titled-Tuesday-Blitz-October-03-2023"]
[Site "Chess.com"]
[Date "2023.10.03"]
[Round "11"]
[White "BeanScreen"]
[Black "Bilan_Danila"]
[Result "1-0"]
[WhiteElo "2720"]
[BlackElo "2547"]
[TimeControl "180+1"]
[EndTime "16:00:14 PDT"]
[Termination "BeanScreen won by resignation"]

1. e4 c6 2. d4 d5 3. exd5 cxd5 4. Bd3 Nc6 5. c3 Qc7 6. h3 g6 7. Qc2 e5 8. dxe5 Nxe5 9. Ne2 Nf6 10. Bf4 Bd6 11. O-O Nf3+ 12. gxf3 Bxf4 13. Qa4+ Bd7 14. Qxf4 O-O-O 15. Qxc7+ Kxc7 16. Kg2 Rhe8 17. Nd2 Bf5 18. Nf4 Bxd3 19. Nxd3 d4 20. c4 Re2 21. Rad1 Nh5 22.
Rfe1 Rde8 23. Rxe2 Rxe2 24. Kf1 Re7 25. Re1 Rd7 26. b4 b6 27. c5 f5 28. c6 Rg7 29. b5 a6 30. a4 Nf6 31. Nb4 a5 32. Na6+ Kd8 33. Re6 Nh5 34. c7+ Kd7 35. Rd6+ Kxd6 36.
c8=Q 1-0